 Dungeon Crawl Stone Soup version 0.18.1-48-g4cf74bf (webtiles) character file.

127 Gargoyl the Skirmisher (level 4, 0/40 HPs)
             Began as a Demonspawn Abyssal Knight on Aug 22, 2016.
             Was a Believer of Lugonu.
             Slain by Sigmund
             ... wielding a +1 scythe of flaming
              (4 damage)
             ... on level 3 of the Dungeon.
             The game lasted 00:04:21 (2534 turns).

Gargoyl the Skirmisher (Demonspawn Abyssal Knight)  Turns: 2534, Time: 00:04:23

Health: 0/40       AC: 11    Str: 11 (13) XL:     4   Next: 85%
Magic:  14/14      EV:  5    Int: 12 (13) God:    Lugonu [**....]
Gold:   101        SH:  0    Dex: 11 (13) Spells: 0 memorised, 3 levels left

rFire  . . .     SeeInvis .     a - +1 hand axe
rCold  . . .     Gourm    .     d - +0 chain mail
rNeg   . . .     Faith    .     (no shield)
rPois  .         Spirit   .     (no helmet)
rElec  .         Dismiss  .     (no cloak)
rCorr  .         Reflect  .     (no gloves)
SustAt .         Harm     .     t - +1 pair of boots
MR     .....                    (no amulet)
Stlth  ..........               (no ring)
                                l - ring of magical power

@: confused, very slightly contaminated, hasted, drained, very quick, not
resistant to hostile enchantments, extremely unstealthy
A: hooves 2, sense surroundings 1, robust 1, wild magic 1
a: Depart the Abyss, Bend Space, Renounce Religion


You were on level 3 of the Dungeon.
You worshipped Lugonu.
Lugonu was pleased with you.
You were not hungry.

You visited 1 branch of the dungeon, and saw 3 of its levels.
You visited the Abyss 1 time.

You collected 101 gold pieces.

Inventory:

Hand Weapons
 a - a +1 hand axe (weapon)
Armour
 d - a +0 chain mail (worn)
 t - a +1 pair of boots (worn)
Jewellery
 l - a ring of magical power (left hand)
Scrolls
 e - 3 scrolls of identify {unknown}
 f - 2 scrolls of magic mapping {unknown}
 g - a scroll of enchant weapon {unknown}
 h - 2 scrolls of remove curse {unknown}
 k - a scroll of noise {unknown}
 n - a scroll of recharging {unknown}
 o - 2 scrolls of random uselessness {unknown}
 p - a scroll of fog {unknown}
Potions
 m - 2 potions of degeneration
 q - a potion of might {unknown}
 s - a potion of cancellation {unknown}
Comestibles
 c - a bread ration
 i - a slice of pizza
 r - 2 chunks of flesh


   Skills:
 + Level 3.8 Fighting
 + Level 2.4(2.3) Axes
 * Level 3.3 Armour
 + Level 1.3 Dodging
 + Level 2.6 Invocations


You had 3 spell levels left.
You didn't know any spells.

Dungeon Overview and Level Annotations

Branches:
Dungeon (3/15)

Altars:
Dithmenos
Elyvilon
Yredelemnul

Annotations:
D:3 Sigmund


Innate Abilities, Weirdness & Mutations

You have hoof-like feet.
You passively map a small area around you.
You are robust (+10% HP).
Your spells are a little harder to cast, but a little more powerful.


Message History

Something burns you. The kobold hits you but does no damage.
Unknown command.
Drink which item? (? for menu, Esc to quit)
It was a potion of degeneration.
There was something very wrong with that liquid.
You feel weakened.
You feel dopey.
You feel clumsy. The kobold barely misses you.
Something hits you but does no damage.
Drink which item? (? for menu, Esc to quit)
It was a potion of haste.
You feel yourself speed up. The kobold hits you.
* * * LOW HITPOINT WARNING * * *
You are very lightly contaminated with residual magic.
Drink which item? (? for menu, Esc to quit)
It was a potion of mutation.
You feel extremely strange.
You feel robust.
You feel a strange attunement to the structure of the dungeons.
You feel less in control of your magic. Something hits you!
* * * LOW HITPOINT WARNING * * *
Something burns you.
You die...

, , #..>......
............# #.....##..
.............###.....##..
,
..........#...##.........
,
..............##.........
,
..............######.....
,
.............#*#.......##
, , ........K....#
#.......## , .......{@.#
#.......## ,
.......(..######.......##
,
.......(..##...........''
,
..........##.###.....(.##
.......)..##.# #.......##
, ..........##.#
#.......## ,
..........##.# #.......##
* #######......#
#.......## ########
#.......##


You could see a kobold.

Vanquished Creatures
  Terence (D:2)
  3 adders (D:2)
  3 worms (D:2)
  2 dart slugs (D:1)
  4 giant geckos
  An orc (D:3)
  4 giant cockroaches
  15 goblins
  5 hobgoblins
  A quokka (D:2)
  A ball python (D:3)
  4 bats
  A giant newt (D:2)
  6 kobolds
  7 rats
58 creatures vanquished.

Notes
Turn   | Place    | Note
--------------------------------------------------------------
     0 | Abyss:1  | Gargoyl the Demonspawn Abyssal Knight began the quest for the Orb.
     0 | Abyss:1  | Reached XP level 1. HP: 18/18 MP: 2/2
    18 | Abyss:2  | Found a corrupted altar of Lugonu.
   130 | Abyss:2  | Noticed a large abomination
   134 | Abyss:2  | Noticed a large abomination
   150 | D:1      | Escaped the Abyss
   456 | D:1      | Reached skill level 1 in Dodging
   457 | D:1      | Reached * piety under Lugonu
   463 | D:1      | Gained mutation: You have large cloven feet. [demonic ancestry]
   463 | D:1      | Reached XP level 2. HP: 21/24 MP: 3/3
   891 | D:1      | Reached XP level 3. HP: 29/29 MP: 4/4
  1841 | D:2      | Gained mutation: You have hoof-like feet. [demonic ancestry]
  1841 | D:2      | Reached XP level 4. HP: 32/36 MP: 5/5
  1887 | D:2      | Noticed Terence
  1917 | D:2      | Killed Terence
  2210 | D:2      | Reached ** piety under Lugonu
  2376 | D:2      | Found a shadowy altar of Dithmenos.
  2382 | D:2      | Found a white marble altar of Elyvilon.
  2385 | D:2      | Found a basalt altar of Yredelemnul.
  2519 | D:3      | Noticed Sigmund
  2534 | D:3      | Gained mutation: You are robust (+10% HP). [potion of mutation]
  2534 | D:3      | Gained mutation: You passively map a small area around you. [potion of mutation]
  2534 | D:3      | Gained mutation: Your spells are a little harder to cast, but a little more powerful. [potion of mutation]
  2534 | D:3      | Slain by Sigmund

Skill      XL: |  1  2  3 |
---------------+----------+-----
Armour         | 2 3 |  3.3
Dodging        | 1 |  1.3
Axes           | 2 |  2.4
Fighting       | |  3.8
Invocations    | |  2.6

Action                   |  1- 3 |  4- 6 || total
-------------------------+-------+-------++-------
Melee: Hand axe          |   172 |    72 ||   244
       Kick              |    32 |    14 ||    46
Invok: Depart the Abyss  |     1 |       ||     1
  Use: Potion            |       |     3 ||     3
  Eat: Chunk             |     3 |     3 ||     6
Armor: Chain mail        |   144 |    56 ||   200
Dodge: Dodged            |    55 |    23 ||    78
